 Dungeon Crawl Stone Soup version 0.29-a0-350-g7790a0e70a (webtiles) character file.

Game seed: 17927747378815825651

135 rabbitsville the Agent of Entropy (level 4, -2/38 HPs)
             Began as a Palentonga Abyssal Knight on Apr 22, 2022.
             Was a Priest of Lugonu.
             Slain by Grinder (4 damage)
             ... on level 3 of the Dungeon.
             The game lasted 00:08:43 (3309 turns).

rabbitsville the Agent of Entropy (PaAK)            Turns: 3309, Time: 00:08:43

Health: -2/38      AC:  8    Str: 15 (18) XL:     4   Next: 97%
Magic:  5/6        EV:  6    Int: 10 (11) God:    Lugonu [***...]
Gold:   144        SH:  0    Dex:  7 (10) Spells: 3/3 levels left

rFire   . . .      SeeInvis +   a - +1 hand axe
rCold   . . .      Faith    .   (no shield)
rNeg    . . .      Spirit   .   j - +0 plate armour
rPois   .          Reflect  .   (no helmet)
rElec   .          Harm     .   (no cloak)
rCorr   .          Rampage  .   (no gloves)
Will    .....                   (no barding)
Stlth   ..........              (no amulet)
HPRegen 0.12/turn               i - +4 ring of evasion
MPRegen 0.10/turn               (no ring)

@: no status effects
A: large, rugged brown scales 3, see invisible, deformed body, roll 1, armoured
tail
a: Rolling Charge, Renounce Religion, Depart the Abyss, Bend Space, Banish


You were on level 3 of the Dungeon.
You worshipped Lugonu.
Lugonu was most pleased with you.
You visited 1 branch of the dungeon, and saw 3 of its levels.
You visited the Abyss 1 time.

You collected 144 gold pieces.

Inventory:

Hand Weapons
 a - a +1 hand axe (weapon)
Armour
 j - a +0 plate armour (worn)
Jewellery
 i - a +4 ring of evasion (left hand)
Scrolls
 c - 2 scrolls of teleportation {unknown}
 e - 3 scrolls of identify {unknown}
 f - a scroll of magic mapping {unknown}
Potions
 d - a potion of degeneration


   Skills:
 + Level 3.6 Fighting
 * Level 3.6 Axes
 - Level 1.5 Armour
 - Level 0.7 Dodging
 * Level 3.8 Invocations


You had 3 spell levels left.
You didn't know any spells.
Your spell library was empty.

Dungeon Overview and Level Annotations

Branches:
Dungeon (3/15)

Altars:
The Shining One

Annotations:
D:2 Terence
D:3 Grinder


Innate Abilities, Weirdness & Mutations

You are completely covered in rugged brown scales. (AC +3, +7% HP)
You have supernaturally acute eyesight. (SInv)
Armour fits poorly on your strangely shaped body.
You can roll at nearby foes to attack.
You have a long armoured tail.


Message History

You closely miss Grinder.
Grinder is moderately wounded.
Grinder closely misses you.
You closely miss Grinder.
Grinder is moderately wounded.
Grinder hits you.
You writhe in agony.
You hit Grinder.
Grinder is heavily wounded.
Grinder hits you but does no damage.
You closely miss Grinder. You tail-slap Grinder.
Grinder is severely wounded.
Grinder gestures at you.
You suddenly lose the ability to move!
Grinder hits you.
You writhe in agony.
Grinder hits you but does no damage. x3
You can move again.
You barely miss Grinder.
Grinder is severely wounded.
Grinder completely misses you.
You hit Grinder but do no damage.
Grinder is severely wounded.
Grinder closely misses you.
You barely miss Grinder.
Grinder is severely wounded.
Grinder barely misses you.
You hit Grinder.
Your tail-slap misses Grinder.
Grinder is severely wounded.
Grinder hits you.
* * * LOW HITPOINT WARNING * * *
You writhe in agony.
* * * LOW HITPOINT WARNING * * *
Space bends violently around you!
You blink.
The orc blinks!
Grinder blinks!
Roll where?
Press: ? - help, Q - select action, (/) - cycle Dir - move target, f/p - Grinder
Aim: Grinder (severely wounded)
You roll forward with a clatter of scales!
You hit Grinder but do no damage.
Grinder is severely wounded.
Grinder says, "Make like a tree!"
Grinder hits you.
You die...

....# #.##.>.... #####
#.# ...... #.# .....
#.# ##### #.# #.. #.#
#.# #.### #.# ####
#...# #5# # ...# ###.#
#@##.##.# ##.#
#.####.○o....# ##.####
#...§......###
......#############.##
##.......# ##
##.##.##.# ...##.##.#
##.##.##.# #.......#


You could see Grinder and an orc.

Vanquished Creatures
  A hound (D:2)
  4 adders (D:3)
  A dart slug (D:1)
  8 ball pythons
  4 bats
  9 endoplasms
  2 giant cockroaches
  3 goblins
  10 hobgoblins
  7 kobolds
  3 quokkas
  5 frilled lizards
  7 rats
64 creatures vanquished.

Notes
Turn   | Place    | Note
-------+----------+-------------------------------------------
     0 | Abyss:1  | rabbitsville the Palentonga Abyssal Knight began the quest
                  | for the Orb.
     0 | Abyss:1  | Reached XP level 1. HP: 19/19 MP: 2/2
    20 | Abyss:1  | Found a corrupted altar of Lugonu.
    68 | Abyss:1  | Noticed a small abomination
    85 | D:1      | Escaped the Abyss
   389 | D:1      | Reached XP level 2. HP: 25/25 MP: 3/3
  1243 | D:2      | Reached XP level 3. HP: 31/31 MP: 5/5
  1248 | D:2      | Noticed Terence
  1518 | D:2      | Reached XP level 4. HP: 25/37 MP: 6/6
  1697 | D:2      | Reached *** piety under Lugonu
  2433 | D:3      | Found a glowing golden altar of the Shining One.
  2813 | D:3      | HP: 1/38 [poisoned by Terence]
  3287 | D:3      | Noticed Grinder
  3289 | D:3      | Paralysed by Grinder for 4 turns
  3300 | D:3      | Paralysed by Grinder for 4 turns
  3309 | D:3      | Slain by Grinder

Illustrated notes

Levels and vault maps discovered:
D:1:      erik_arrival_cave_to_civilisation [erik_arrival_cave_to_hall],
          layout_loops_ring, hangedman_feature_mirror, minmay_misc_feat_plants
D:2:      layout_loops_ring, minmay_misc_feat_encased, uniq_terence
D:3:      layout_loops_cross, tso_altar, minmay_misc_feat_hallway,
          minmay_misc_feat_columns, nrook_mini_backslash, uniq_grinder

Skill      XL: |  1  2  3 |
---------------+----------+-----
Axes           | 3 |  3.6
Invocations    | 3 |  3.8
Fighting       | |  3.6
Armour         | |  1.5
Dodging        | |  0.7

Action                   |  1- 3 |  4- 6 || total
-------------------------+-------+-------++-------
Melee: Hand axe          |    86 |    89 ||   175
       Tailslap          |     5 |     8 ||    13
       Punch             |     1 |     1 ||     2
Invok: Bend Space        |       |     2 ||     2
 Abil: Rolling Charge    |    21 |    25 ||    46
  Use: Potion            |       |     1 ||     1
Armor: Leather armour    |    38 |    24 ||    62
       Plate armour      |       |    13 ||    13
       Chain mail        |       |     5 ||     5
Dodge: Dodged            |    46 |    38 ||    84

Table legend: (Time is in decaauts)
 A = Elapsed time spent in this place.
 B = Non-inter-level travel time spent in this place.
 C = Inter-level travel time spent in this place.
 D = Time resting spent in this place.
 E = Time spent auto-exploring this place.
 F = Levels seen in this place.
 G = Mean time per level.
                   A        B        C        D        E       F      G
               +--------+--------+--------+--------+--------+-----+--------+
         Total |   3335 |   3306 |     29 |    485 |   2251 |   4 |  833.8 |
       Dungeon |   3250 |   3221 |     29 |    485 |   2251 |   3 | 1083.3 |
         Abyss |     85 |     85 |      0 |      0 |      0 |   1 |   85.0 |
               +--------+--------+--------+--------+--------+-----+--------+

Top non-repeatable levels by time:
     D:1: 1297 daAuts
     D:3: 1124 daAuts
     D:2: 828 daAuts
 Abyss:1: 85 daAuts
